 Dungeon Crawl Stone Soup version 0.20-a0-842-g939b552 (webtiles) character file.

480 M4edhros the Shield-Bearer (level 6, 0/47 HPs)
             Began as a Mummy Chaos Knight on Mar 9, 2017.
             Incinerated by a smoke demon (9 damage)
             ... with a sticky flame
             ... on level 1 of the Abyss.
             The game lasted 00:13:51 (78026 turns).

M4edhros the Shield-Bearer (Mummy Chaos Knight)    Turns: 78026, Time: 00:13:52

Health: 0/47       AC:  9    Str: 16 (19) XL:     6   Next: 86%
Magic:  0/6        EV:  9    Int:  8 (14) God:    Xom [....*.]
Gold:   5338       SH: 14    Dex: 10 (12) Spells: 5/5 levels left

rFire    x . .     SeeInvis +   a - +1 spear (chaos)
rCold    + . .     Gourm    .   b - +2 leather armour
rNeg     + + +     Faith    .   f - +5 shield
rPois    ∞         Spirit   +   z - +0 hat {Int+3}
rElec    .         Reflect  .   y - +1 cloak {rPois}
rCorr    .         Harm     .   (no gloves)
MR       .....                  s - +1 pair of boots
Stlth    +.........             i - amulet "Vicvu" {Spirit Str+4 Dex-2 SInv}
Regen    0.2/turn               (no ring)
MPRegen  0.1/turn               (no ring)

@: liquid flames, glowing
A: no food or potions, fire vulnerability, cold resistance 1, negative energy
resistance 3, torment resistance, unbreathing
a: Renounce Religion


You were on level 1 of the Abyss.
You worshipped Xom.
You were a beloved toy of Xom.
You were not hungry.

You visited 2 branches of the dungeon, and saw 5 of its levels.
You visited the Abyss 1 time.

You collected 5338 gold pieces.

Inventory:

Hand Weapons
 a - a +1 spear of chaos (weapon)
 v - the +0 scimitar "Beetleslayer" {chaos, rPois Stlth+}
   (Xom gifted it to you in the Ecumenical Temple)

   Each time it hits an enemy it has a different, random effect.
   It protects you from poison.
   It makes you more stealthy.
Missiles
 c - 6 steel tomahawks (quivered)
 h - 25 sling bullets
 o - 12 needles of sleeping
 B - 3 poisoned javelins
Armour
 b - a +2 leather armour (worn)
 f - a +5 shield (worn)
 l - a +0 helmet
 n - a scarf of cold resistance
 r - a +0 large shield
 s - a +1 pair of boots (worn)
 w - a +2 buckler
 x - the +0 scale mail of Intercession {Int+4}
   (Xom gifted it to you in the Ecumenical Temple)

   It affects your intelligence (+4).
 y - a +1 cloak of poison resistance (worn)
 z - a +0 hat of intelligence (worn)
Jewellery
 i - the amulet "Vicvu" (around neck) {Spirit Str+4 Dex-2 SInv}
   (Xom gifted it to you on level 1 of the Dungeon)

   [amulet of guardian spirit]

   It causes incoming damage to be split between your health and magic.
   It affects your strength (+4).
   It affects your dexterity (-2).
   It lets you see invisible.
 t - the ring of Soix {Ice rElec rPois Str+8 Int-4}
   (Xom gifted it to you in the Ecumenical Temple)

   [ring of ice]

   It enhances your ice magic.
   It affects your strength (+8).
   It affects your intelligence (-4).
   It makes you vulnerable to fire.
   It protects you from cold.
   It insulates you from electricity.
   It protects you from poison.
Wands
 u - a wand of iceblast (4/15)
Scrolls
 d - a scroll of identify
 m - a scroll of amnesia {unknown}
 p - a scroll of fear {unknown}
 q - a scroll of immolation
 A - a scroll of random uselessness {unknown}
Books
 j - a book of Conjurations

   Spells                             Type                      Level
   a - Magic Dart                     Conjuration                  1
   b - Searing Ray                    Conjuration                  2
   c - Dazzling Spray                 Conjuration/Hexes            3
   d - Fulminant Prism                Conjuration/Hexes            4
   e - Force Lance                    Conjuration/Translocation    4
   f - Iskenderun's Mystic Blast      Conjuration                  4
Miscellaneous
 k - a lamp of fire
Comestibles
 g - 11 royal jellies


   Skills:
 + Level 3.0 Fighting
 - Level 4.4 Polearms
 - Level 1.5 Armour
 * Level 0.7 Dodging
 * Level 4.5 Shields


You had 5 spell levels left.
You didn't know any spells.

Dungeon Overview and Level Annotations

Branches:
Dungeon (4/15)             Temple (1/1) D:4

Altars:
Dithmenos
Elyvilon
Fedhas
Gozag
Kikubaaqudgha
Makhleb
Nemelex Xobeh
Qazlal
Ru
Uskayaw
Vehumet
Xom
Yredelemnul
The Shining One
Lugonu

Shops:
D:4 [


Innate Abilities, Weirdness & Mutations

You do not eat or drink.
Your flesh is vulnerable to fire.
You are immune to poison.
Your flesh is cold resistant. (rC+)
You are immune to negative energy. (rN+++)
You are immune to unholy pain and torment.
You can survive without breathing.


Message History

Evoke which item? (* to show all) (? for menu, Esc to quit)
Aiming: Iceblast
Press: ? - help, Shift-Dir - straight line, f/p - smoke demon
Aim: a smoke demon (grey smoke, heavily wounded)
The mass of ice explodes!
The iceblast engulfs the smoke demon.
The smoke demon is severely wounded.
This wand has 5 charges left.
You are covered in liquid flames!
* * * LOW HITPOINT WARNING * * *
You hear a bark!
Unknown command.
Unknown command.
Evoke which item? (* to show all) (? for menu, Esc to quit)
Aiming: Iceblast
Press: ? - help, Shift-Dir - straight line, p - smoke demon The mass of ice explodes!
The iceblast engulfs the smoke demon.
The smoke demon is almost dead.
This wand has 4 charges left.
You are covered in liquid flames!
You die...

.# .. #
.#.## ..#.
..!.. # .#
..#..##..#
#.. .. ..#
#... #.##
#.#§§§§..##
#.§§§3§...#
#...#@#§.#.#
.. #§§#... .
##§##3##
.##. ### ##
##. §..# #
..##.§#### .
# .# ##§# 3
#.. # .§##.
# . #.#.
3..#


You could see a smoke demon.

Vanquished Creatures
  A phantom (D:4)
  An ogre (D:1)
  An orc priest (D:4)
  An orc wizard (D:4)
  An iguana (D:1)
  2 worker ants
  4 adders
  3 oozes
  5 worms
  2 dart slugs
  5 leopard geckos
  8 orcs
  A ball python (D:1)
  7 bats
  9 giant cockroaches
  12 goblins
  11 hobgoblins
  4 jackals (D:3)
  A quokka (D:3)
  6 frilled lizards
  2 gnoll zombies (D:2)
  12 kobolds
  A leopard gecko skeleton (D:4)
  10 rats
110 creatures vanquished.

Notes
Turn   | Place    | Note
-------+----------+-------------------------------------------
     0 | D:1      | M4edhros the Mummy Chaos Knight began the quest for the Orb.
     0 | D:1      | Reached XP level 1. HP: 18/18 MP: 1/1
    61 | D:1      | Reached XP level 2. HP: 22/24 MP: 2/2
    72 | D:1      | XOM: silly message
   139 | D:1      | XOM: potion effect (agility)
   395 | D:1      | XOM: harmless Necr miscast
   483 | D:1      | XOM: medium Chrm miscast
   591 | D:1      | XOM: summons 1 hostile demon
  1437 | D:1      | XOM: scenery: create altars
  1589 | D:1      | XOM: scenery: create altars
  1865 | D:1      | XOM: god gift: royal jelly
  2277 | D:1      | XOM: scenery: create altars
  2503 | D:1      | Reached XP level 3. HP: 29/29 MP: 3/3
  2550 | D:1      | XOM: god gift: 10 sling bullets
  2630 | D:1      | XOM: god gift: smoking diamond amulet {god gift}
  2816 | D:1      | Got a smoking diamond amulet {god gift}
  2818 | D:1      | Identified the amulet "Vicvu" {Spirit Str+4 Dex-2 SInv} (Xom gifted it to you on level 1 of the Dungeon)
  2956 | D:1      | XOM: god gift: book of Conjurations
  2985 | D:1      | XOM is BORED!
  2985 | D:1      | XOM: noise
  3328 | D:1      | Reached skill level 1 in Shields
  3349 | D:1      | XOM: mild Hex miscast
  3363 | D:1      | XOM: summons 2 hostile shadow creatures
  3480 | D:1      | XOM: medium Pois miscast
  3559 | D:1      | XOM: summons 4 hostile shadow creatures
  3560 | D:1      | Noticed a crocodile
  4034 | D:1      | XOM: god gift: lamp of fire
  4371 | D:1      | Reached XP level 4. HP: 18/35 MP: 1/4
  4393 | D:1      | XOM: summons 1 hostile demon
  4633 | D:1      | XOM: noise
  5024 | D:1      | XOM: harmless Ice miscast
  5025 | D:1      | XOM: mild Tmut miscast
  5166 | D:1      | XOM: summons 4 hostile shadow creatures
  5167 | D:1      | Noticed a centaur
  5289 | D:1      | XOM: mild Tmut miscast
  5291 | D:1      | XOM: medium Ice miscast
  5602 | D:1      | XOM: divination: detect creatures
  6393 | D:1      | XOM: god gift: 39 gold pieces
  6713 | D:1      | XOM: harmless Summ miscast
  6992 | D:1      | Noticed an ogre
  7000 | D:1      | Killed an ogre
  7000 | D:1      | Reached XP level 5. HP: 29/41 MP: 3/5
  7137 | D:1      | Noticed a yaktaur captain
  7332 | D:2      | XOM: polymorph leopard gecko -> bat
  7419 | D:2      | Found a white marble altar of Elyvilon.
  7419 | D:2      | XOM: divination: magic mapping
  7568 | D:2      | XOM: 3-stop teleportation journey
  7588 | D:2      | Found a basalt altar of Yredelemnul.
  8176 | D:2      | XOM: god gift: transparent naga barding {god gift}
  8444 | D:2      | Got a transparent naga barding {god gift}
  8748 | D:2      | XOM: god gift: 7 needles of sleeping
  8949 | D:2      | XOM: summons 2 hostile demons
  8950 | D:2      | Noticed an orange demon
  9829 | D:2      | XOM: summons 1 hostile shadow creature
 10492 | D:2      | XOM is BORED!
 10492 | D:2      | XOM: mild Hex miscast
 12346 | D:2      | XOM: harmless Pois miscast
 12494 | D:2      | XOM is BORED!
 12494 | D:2      | XOM: medium Ice miscast
 13053 | D:2      | XOM: summons 2 hostile demons
 13174 | D:2      | XOM is BORED!
 13451 | D:2      | XOM: noise
 13471 | D:2      | XOM: cloud trail
 13586 | D:2      | XOM: god gift: 9 royal jellies
 14490 | D:2      | XOM: harmless Ice miscast
 15259 | D:2      | XOM: cloud trail
 15634 | D:2      | XOM: god gift: 23 gold pieces
 15691 | D:2      | XOM: medium Tloc miscast
 15692 | D:2      | Noticed a spatial vortex
 15692 | D:2      | Noticed a spatial vortex
 16514 | D:2      | XOM: divination: detect items
 16574 | D:2      | XOM: mild Erth miscast
 16891 | D:2      | XOM: divination: magic mapping
 17690 | D:2      | Noticed a four-headed hydra
 17695 | D:3      | Found a radiant altar of Vehumet.
 17699 | D:3      | Reached XP level 6. HP: 47/47 MP: 6/6
 17755 | D:3      | Found a shadowy altar of Dithmenos.
 17809 | D:3      | XOM: harmless Summ miscast
 18058 | D:3      | You fall through a shaft!
 18076 | D:4      | XOM: summons 2 friendly demons
 18078 | D:4      | XOM: potion effect (curing)
 18311 | D:4      | Found Xaf Qinn's Antique Armour Shoppe.
 18444 | D:4      | Found a staircase to the Ecumenical Temple.
 18480 | D:4      | XOM: cast spell 'Cause Fear'
 18510 | Temple   | Entered the Ecumenical Temple
 18779 | Temple   | XOM: mild Fire miscast
 19436 | Temple   | XOM: silly message
 19803 | Temple   | XOM: god gift: flickering lead ring {god gift}
 20097 | Temple   | Got a flickering lead ring {god gift}
 20372 | Temple   | XOM: medium Chrm miscast
 20502 | Temple   | Identified the ring of Soix {Ice rElec rPois Str+8 Int-4} (Xom gifted it to you in the Ecumenical Temple)
 20985 | Temple   | XOM: harmless Ice miscast
 21196 | Temple   | XOM: cloud trail
 21199 | Temple   | XOM: mild Fire miscast
 21290 | D:4      | XOM: divination: magic mapping
 21374 | Temple   | XOM: god gift: scroll labeled GEIBEV PAIFOIR {god gift}
 21983 | Temple   | XOM: scenery: create altars
 22222 | Temple   | XOM is BORED!
 22222 | Temple   | XOM: medium Tmut miscast
 22858 | Temple   | XOM: 9-stop teleportation journey
 23210 | Temple   | XOM: 4-stop teleportation journey
 23214 | Temple   | XOM: medium Tmut miscast
 23758 | Temple   | XOM: summons 3 hostile demons
 23854 | Temple   | XOM: noise
 24081 | Temple   | XOM: harmless Chrm miscast
 24296 | Temple   | XOM is BORED!
 24411 | Temple   | XOM: 1-stop teleportation journey
 25868 | Temple   | XOM: 2-stop teleportation journey
 26187 | Temple   | XOM is BORED!
 26187 | Temple   | XOM: stat loss: -2 Int (9/11)
 26854 | Temple   | XOM: harmless Hex miscast
 26975 | Temple   | XOM: medium Ice miscast
 27298 | Temple   | XOM: harmless Necr miscast
 27648 | Temple   | XOM: severe Pois miscast
 27758 | Temple   | XOM is BORED!
 27758 | Temple   | XOM: noise
 27788 | Temple   | XOM: medium Necr miscast
 27789 | Temple   | Noticed a shadow
 27789 | Temple   | Noticed a shadow
 28267 | Temple   | XOM: cloud trail
 28533 | Temple   | XOM: cloud trail
 29038 | Temple   | XOM is BORED!
 29038 | Temple   | XOM: harmless Erth miscast
 29187 | Temple   | XOM: medium Tmut miscast
 29208 | Temple   | XOM: divination: detect creatures
 29261 | Temple   | XOM: summons 3 hostile demons
 29262 | Temple   | Noticed a chaos spawn
 29594 | Temple   | XOM: mild Hex miscast
 29753 | Temple   | XOM: summons 1 hostile demon
 29754 | Temple   | Noticed a rust devil
 30004 | Temple   | XOM: medium Conj miscast
 30031 | Temple   | XOM: summons 3 hostile demons
 30032 | Temple   | Noticed an orange demon
 30156 | D:4      | XOM is BORED!
 30156 | D:4      | XOM: summons 2 hostile demons
 30584 | Temple   | XOM: medium Pois miscast
 30620 | Temple   | XOM: silly message
 31001 | Temple   | XOM: harmless Pois miscast
 32285 | Temple   | XOM: mild Hex miscast
 32456 | Temple   | XOM: mild Tmut miscast
 32579 | Temple   | XOM: mild Erth miscast
 32609 | Temple   | XOM: severe Ice miscast
 32731 | Temple   | XOM: harmless Chrm miscast
 32940 | Temple   | XOM: summons 3 hostile demons
 32941 | Temple   | Noticed an ice devil
 33038 | D:4      | XOM: medium Fire miscast
 33105 | D:4      | XOM: medium Erth miscast
 33294 | Temple   | XOM: divination: detect creatures
 33414 | Temple   | XOM: harmless Ice miscast
 33493 | Temple   | XOM: harmless Conj miscast
 33870 | Temple   | XOM: silly message
 34998 | Temple   | XOM is BORED!
 34998 | Temple   | XOM: silly message
 35062 | Temple   | XOM: silly message
 35397 | Temple   | XOM: harmless Hex miscast
 35501 | Temple   | XOM: 5-stop teleportation journey
 35552 | Temple   | XOM: god gift: ivory wand {god gift}
 36014 | Temple   | XOM: cloud trail
 36412 | Temple   | XOM: god gift: iridescent scimitar {god gift}
 36440 | Temple   | XOM: god gift: shield {god gift}
 36941 | Temple   | Got an iridescent scimitar {god gift}
 36942 | Temple   | Identified the +0 scimitar "Beetleslayer" {chaos, rPois Stlth+} (Xom gifted it to you in the Ecumenical Temple)
 36980 | Temple   | XOM: scenery: create altars
 37336 | Temple   | XOM: 2-stop teleportation journey
 37477 | Temple   | XOM is BORED!
 37477 | Temple   | XOM: stat loss: -1 Int (8/11)
 38033 | Temple   | XOM: god gift: 5 needles of sleeping
 38056 | Temple   | XOM: medium Necr miscast
 38885 | Temple   | XOM: mild Necr miscast
 39000 | Temple   | XOM: god gift: 13 gold pieces
 39144 | Temple   | XOM: scenery: create altars
 39563 | Temple   | XOM: harmless Pois miscast
 39626 | Temple   | XOM: harmless Summ miscast
 39850 | Temple   | XOM: summons 1 hostile demon
 39902 | D:4      | XOM: stat loss: -1 Str (18/19)
 39993 | D:4      | XOM: mild Ice miscast
 40493 | Temple   | XOM: harmless Conj miscast
 40531 | Temple   | XOM: harmless Tloc miscast
 40674 | Temple   | XOM: severe Tmut miscast
 40784 | Temple   | XOM: silly message
 41131 | Temple   | XOM is BORED!
 41131 | Temple   | XOM: noise
 41140 | Temple   | XOM: god gift: faintly glowing scale mail {god gift}
 41351 | Temple   | Got a faintly glowing scale mail {god gift}
 41362 | Temple   | Identified the +0 scale mail of Intercession {Int+4} (Xom gifted it to you in the Ecumenical Temple)
 41610 | Temple   | XOM: 1-stop teleportation journey
 42330 | Temple   | XOM: mild Tmut miscast
 42365 | Temple   | XOM: medium Fire miscast
 42893 | Temple   | XOM: 4-stop teleportation journey
 42915 | Temple   | XOM: summons 1 hostile demon
 43036 | Temple   | XOM is BORED!
 43036 | Temple   | XOM: medium Tloc miscast
 43120 | Temple   | XOM: harmless Ice miscast
 43280 | Temple   | XOM is BORED!
 43280 | Temple   | XOM: medium Tloc miscast
 44040 | Temple   | XOM: medium Ice miscast
 44301 | Temple   | XOM: severe Pois miscast
 44440 | Temple   | XOM: stat loss: -1 Str (17/19)
 44515 | Temple   | XOM: summons 3 hostile demons
 44610 | Temple   | XOM: medium Tmut miscast
 44879 | Temple   | XOM: harmless Necr miscast
 44970 | Temple   | XOM: mild Tmut miscast
 45159 | Temple   | XOM: stat loss: -1 Dex (11/12)
 45649 | Temple   | XOM: mild Ice miscast
 45841 | Temple   | XOM: medium Summ miscast
 45842 | Temple   | Noticed a spatial vortex
 45871 | D:4      | XOM is BORED!
 46011 | Temple   | XOM: noise
 46883 | Temple   | XOM: severe Pois miscast
 47127 | Temple   | XOM: 1-stop teleportation journey
 47155 | Temple   | XOM: harmless Tloc miscast
 49744 | Temple   | XOM: harmless Hex miscast
 49831 | Temple   | XOM: medium Conj miscast
 50897 | Temple   | XOM is BORED!
 50897 | Temple   | XOM: mild Pois miscast
 51214 | Temple   | XOM: cloud trail
 51324 | Temple   | XOM: medium Pois miscast
 51473 | Temple   | XOM: mild Erth miscast
 52161 | Temple   | XOM is BORED!
 52161 | Temple   | XOM: medium Ice miscast
 52986 | Temple   | XOM: 3-stop teleportation journey
 52987 | Temple   | XOM: god gift: 620 gold pieces
 53332 | Temple   | XOM: god gift: glowing cloak {god gift}
 54652 | Temple   | XOM: cloud trail
 55274 | Temple   | XOM: 2-stop teleportation journey
 55291 | Temple   | XOM: harmless Tloc miscast
 55385 | Temple   | XOM is BORED!
 55385 | Temple   | XOM: noise
 56248 | Temple   | XOM: summons 1 hostile demon
 56840 | Temple   | XOM is BORED!
 56840 | Temple   | XOM: medium Necr miscast
 56879 | Temple   | XOM: harmless Ice miscast
 57462 | Temple   | XOM: god gift: 19 gold pieces
 57727 | Temple   | XOM: harmless Fire miscast
 57774 | Temple   | XOM: harmless Pois miscast
 58265 | Temple   | XOM is BORED!
 58265 | Temple   | XOM: medium Tmut miscast
 58416 | Temple   | XOM: god gift: scroll labeled DAITIZ IPPIPP {god gift}
 58805 | Temple   | XOM: medium Tloc miscast
 58806 | Temple   | Noticed a spatial vortex
 58806 | Temple   | Noticed a spatial vortex
 59261 | Temple   | XOM: cloud trail
 59384 | Temple   | XOM: divination: magic mapping
 59385 | Temple   | XOM: harmless Ice miscast
 60020 | Temple   | XOM: medium Tmut miscast
 60350 | Temple   | XOM: mild Air miscast
 60702 | Temple   | XOM: 4-stop teleportation journey
 61020 | Temple   | XOM: god gift: giant club {god gift}
 61105 | Temple   | XOM: mild Ice miscast
 61377 | Temple   | XOM is BORED!
 61377 | Temple   | XOM: mild Tloc miscast
 61378 | Temple   | Noticed a spatial vortex
 62071 | Temple   | XOM: summons 2 hostile demons
 62617 | Temple   | XOM is BORED!
 62617 | Temple   | XOM: mild Summ miscast
 62984 | Temple   | XOM: 4-stop teleportation journey
 63074 | Temple   | XOM: medium Pois miscast
 63439 | Temple   | XOM: mild Tmut miscast
 63578 | Temple   | XOM: noise
 63623 | Temple   | XOM: severe Tloc miscast
 63697 | Temple   | XOM: mild Ice miscast
 63795 | Temple   | XOM: harmless Erth miscast
 64192 | Temple   | XOM: mild Ice miscast
 64197 | Temple   | XOM: harmless Summ miscast
 64668 | Temple   | XOM: harmless Erth miscast
 64809 | Temple   | XOM: 1-stop teleportation journey
 64883 | Temple   | XOM: mild Pois miscast
 65040 | Temple   | XOM: medium Tmut miscast
 66007 | Temple   | XOM: 4-stop teleportation journey
 66384 | Temple   | XOM: scenery: create altars
 66647 | Temple   | XOM: 1-stop teleportation journey
 66741 | Temple   | XOM: cloud trail
 67090 | Temple   | XOM: god gift: 890 gold pieces
 67658 | Temple   | XOM is BORED!
 68238 | Temple   | XOM: god gift: 6 steel tomahawks
 68372 | Temple   | XOM: divination: detect items
 68387 | Temple   | XOM: god gift: 3570 gold pieces
 68609 | Temple   | XOM: cloud trail
 69996 | Temple   | XOM: god gift: runed scarf {god gift}
 70667 | Temple   | XOM: harmless Hex miscast
 70972 | Temple   | XOM: harmless Chrm miscast
 71022 | Temple   | XOM: harmless Erth miscast
 71068 | Temple   | XOM is BORED!
 71374 | Temple   | XOM: silly message
 72007 | Temple   | XOM: harmless Necr miscast
 72215 | Temple   | XOM: 8-stop teleportation journey
 72497 | Temple   | XOM: scenery: create altars
 72630 | Temple   | XOM is BORED!
 72630 | Temple   | XOM: summons 3 hostile demons
 72631 | Temple   | Noticed a hellwing
 72631 | Temple   | Noticed a red devil
 72873 | Temple   | XOM: scenery: create altars
 73100 | Temple   | XOM: 4-stop teleportation journey
 73607 | Temple   | XOM: god gift: scroll labeled UQETTIMEKK {god gift}
 73616 | Temple   | XOM: god gift: royal jelly
 74050 | Temple   | XOM: scenery: create altars
 74549 | Temple   | XOM: 1-stop teleportation journey
 74610 | Temple   | XOM: harmless Air miscast
 74629 | Temple   | XOM: god gift: meat ration
 75141 | Temple   | XOM: god gift: large shield {god gift}
 75424 | Temple   | XOM: divination: detect creatures
 75627 | Temple   | XOM: divination: detect creatures
 75637 | Temple   | XOM: summons 3 hostile demons
 75638 | Temple   | Noticed a ynoxinul
 75638 | Temple   | Noticed an ice devil
 75772 | Temple   | XOM: stat loss: -1 Int (5/11)
 75879 | Temple   | XOM: harmless Tmut miscast
 76443 | Temple   | XOM: god gift: runed buckler {god gift}
 76479 | Temple   | XOM: noise
 76949 | Temple   | XOM is BORED!
 76949 | Temple   | XOM: noise
 77365 | Temple   | XOM: mild Chrm miscast
 77731 | Temple   | XOM: medium Tloc miscast
 77731 | Temple   | Cast into level 1 of the Abyss (the capriciousness of Xom)
 77875 | Abyss:1  | XOM: god gift: runed hat {god gift}
 77897 | Abyss:1  | XOM: cloud trail
 77958 | Abyss:1  | Noticed a worldbinder
 77958 | Abyss:1  | XOM: polymorph small abomination -> mummy
 77959 | Abyss:1  | Noticed a swamp drake
 77959 | Abyss:1  | Noticed a swamp drake
 77959 | Abyss:1  | Noticed an insubstantial wisp
 77965 | Abyss:1  | Noticed a swamp drake
 77965 | Abyss:1  | Noticed an insubstantial wisp
 77994 | Abyss:1  | Noticed a neqoxec
 78009 | Abyss:1  | Noticed a smoke demon
 78009 | Abyss:1  | a neqoxec changed into a smoke demon
 78009 | Abyss:1  | XOM: polymorph neqoxec -> smoke demon
 78026 | Abyss:1  | Incinerated by a smoke demon

Vault maps used:
D:1:      sevenhm_arrival_forest_fort_small_6
D:2:      elyvilon_altar_5, lemuel_zombie_altar_yredelemnul
D:3:      mumra_celtic_spiral_tile, marbit_many_paths,
          overflow_temple_1_default, tgw_sif, nicolae_dithmenos_shadow_blocks,
          first_bread, lemuel_another_geyser
D:4:      minmay_temple_entry_trees, serial_shops, shop, serial_park_tiny_2
Temple:   kb_corrupted_temple

Skill      XL: |  1  2  3  4  5  6 |
---------------+-------------------+-----
Polearms       | 3 4 |  4.4
Shields        | 1 2 3 4 |  4.5
Fighting       | |  3.0
Armour         | |  1.5
Dodging        | |  0.7

Action                   |  1- 3 |  4- 6 || total
-------------------------+-------+-------++-------
Melee: Spear             |   112 |   423 ||   535
       Scimitar          |       |    50 ||    50
Evoke: Wand              |       |     3 ||     3
  Use: Scroll            |       |     7 ||     7
 Stab: Sleeping          |     1 |     1 ||     2
       Paralysed         |       |     2 ||     2
       Confused          |       |     2 ||     2
       Petrified         |       |     6 ||     6
Armor: Leather armour    |    24 |   136 ||   160
Dodge: Dodged            |    30 |   130 ||   160
Block: Shield            |    12 |   225 ||   237
       Rpst.: Scimitar   |       |     6 ||     6
